AoeStats
← yarl

African Clearing

510315927Analyzed
4v4 RM · 3d ago on Sep 30, 2026· 63m 48s· 8 players
Game mode
Random Map
Map size
Large (8 player)
Population
200
Speed
Normal
Resources
Standard
Victory
Conquest
Starting age
Dark Age
Ending age
Imperial Age
RankedLock teamsTeams togetherTeam positionsShared explorationLock speedFull tech treeHidden civsTurbo modeCheats
Victory
Defeat
🇨🇳 Teutons · China
841
+16
🇨🇳 Lithuanians · China
840
+16
🇫🇷 Varangians · France
835
+16
🇨🇳 Khmer · China
834
+16
🇷🇺 Saxons · Russia
900
-18
🇨🇳 Wei · China
843
-16
🇲🇽 Ethiopians · Mexico
823
-15
🇨🇳 Gurjaras · China
806
-15
maxoog93
5:15 Loom
17:28 Feudal Age
20:56 Horse Collar
21:06 Double-Bit Axe
25:34 Castle Age
23:56 Forging
24:03 Scale Barding Armor
24:50 Bloodlines
24:40 Gold Mining
24:52 Stone Mining
26:15 Wheelbarrow
29:31 Heavy Plow
32:32 Iron Casting
33:30 Hand Cart
35:52 Chain Barding Armor
37:08 Light Cavalry
42:09 Imperial Age
40:12 Fletching
41:45 Stone Shaft Mining
41:57 Husbandry
42:43 Bodkin Arrow
43:15 Conscription
42:20 Elite Jarl
43:39 Crop Rotation
42:48 Hussar
47:32 Blast Furnace
47:16 Plate Barding Armor
48:26 Bracer
52:57 Guilds
56:55 Ballistics
56:34 Murder Holes
56:31 Heated Shot
56:24 Treadmill Crane
Reck1ess
4:07 Loom
12:15 Feudal Age
16:44 Forging
19:22 Scale Barding Armor
19:30 Bloodlines
30:00 Castle Age
29:08 Horse Collar
29:17 Double-Bit Axe
33:35 Imperial Age
33:37 Heavy Scorpion
37:31 Double Crossbow
39:18 Ballistics
39:59 Chemistry
43:32 Capped Ram
45:00 Bow Saw
50:00 Light Cavalry
51:18 Iron Casting
57:49 Caravan
58:59 Masonry
58:54 Siege Engineers
58:45 Murder Holes
59:01 Fortified Wall
61:06 Siege Ram
星玖
14:01 Feudal Age
18:28 Castle Age
16:52 Loom
20:36 Double-Bit Axe
26:59 Wheelbarrow
28:18 Hand Cart
32:23 Gold Mining
32:46 Bow Saw
32:29 Stone Mining
32:42 Horse Collar
33:19 Town Watch
33:49 Bloodlines
33:39 Husbandry
33:52 Forging
33:48 Scale Barding Armor
36:48 Iron Casting
36:34 Chain Barding Armor
39:20 Imperial Age
41:22 Elite Leitis
42:25 Conscription
48:38 Stone Shaft Mining
49:05 Two-Man Saw
48:07 Heavy Plow
49:50 Ballistics
58:34 Plate Barding Armor
咖喱棒
8:13 Loom
19:50 Feudal Age
22:08 Town Watch
25:43 Castle Age
24:24 Forging
24:36 Horse Collar
24:55 Double-Bit Axe
26:13 Scale Mail Armor
27:15 Wheelbarrow
29:21 Gold Mining
31:29 Stone Mining
32:11 Hand Cart
32:10 Bow Saw
32:49 Squires
42:01 Imperial Age
40:13 Bloodlines
40:12 Scale Barding Armor
41:28 Iron Casting
42:09 Cavalier
43:55 Conscription
44:53 Heavy Plow
45:54 Arson
45:31 Pikeman
47:21 Crop Rotation
48:12 Blast Furnace
47:30 Chain Mail Armor
47:36 Chain Barding Armor
47:07 Fletching
52:03 Paladin
54:06 Two-Man Saw
56:19 Masonry
56:33 Ballistics
56:26 Fortified Wall
58:13 Plate Barding Armor
62:32 Ironclad
Depart
4:11 Loom
16:10 Feudal Age
17:28 Wheelbarrow
16:39 Double-Bit Axe
16:50 Horse Collar
20:31 Gold Mining
21:08 Stone Mining
27:44 Castle Age
25:48 Fletching
25:58 Padded Archer Armor
27:51 Padded Archer Armor
28:52 Hand Cart
28:49 Bow Saw
28:41 Heavy Plow
29:18 Gold Shaft Mining
29:19 Stone Shaft Mining
29:09 Bodkin Arrow
29:29 Leather Archer Armor
29:52 Thumb Ring
30:32 Tuntian
35:44 Imperial Age
35:11 Bloodlines
35:02 Husbandry
37:30 Conscription
37:55 Parthian Tactics
38:02 Crop Rotation
37:06 Light Cavalry
38:16 Forging
38:12 Scale Barding Armor
38:03 Hussar
38:46 Bracer
39:16 Ring Archer Armor
43:14 Ming Guang Armor
43:41 Iron Casting
43:26 Chain Barding Armor
43:37 Ring Archer Armor
45:19 Ballistics
48:34 Hoardings
49:27 Blast Furnace
48:47 Masonry
48:18 Treadmill Crane
48:33 Murder Holes
49:39 Chemistry
48:24 Treadmill Crane
48:54 Masonry
48:40 Murder Holes
49:00 Fortified Wall
48:30 Elite Tiger Cavalry
50:22 Town Watch
51:40 Heavy Hei Guang Cavalry
yarl
6:01 Loom
6:25 Loom
15:30 Feudal Age
16:02 Double-Bit Axe
15:59 Horse Collar
21:46 Castle Age
20:02 Stone Mining
20:25 Gold Mining
21:41 Bloodlines
22:41 Heavy Plow
22:57 Bow Saw
33:57 Imperial Age
32:09 Gold Shaft Mining
32:52 Forging
32:48 Scale Barding Armor
34:15 Iron Casting
35:09 Wheelbarrow
34:45 Husbandry
36:27 Crop Rotation
36:21 Conscription
38:12 Hand Cart
38:26 Heavy Camel Rider
40:08 Chain Barding Armor
44:54 Town Watch
52:49 Kshatriyas
54:39 Frontier Guards
55:24 Plate Barding Armor
55:18 Elite Shrivamsha Rider
56:31 Fletching
56:44 Scale Mail Armor
59:15 Hoardings
62:59 Sappers
j.quintero_1988
4:30 Loom
14:24 Feudal Age
16:54 Fletching
17:05 Padded Archer Armor
21:28 Forging
23:58 Scale Mail Armor
26:08 Castle Age
24:58 Double-Bit Axe
24:57 Horse Collar
25:51 Arson
27:14 Squires
28:13 Thumb Ring
29:29 Crossbowman
31:44 Bodkin Arrow
32:06 Leather Archer Armor
34:27 Wheelbarrow
34:17 Ballistics
40:26 Imperial Age
42:05 Arbalester
43:09 Bracer
43:40 Ring Archer Armor
46:36 Chemistry
46:17 Conscription
52:21 Hand Cart
51:53 Town Watch
52:20 Bow Saw
52:14 Heavy Plow
52:02 Elite Shotel Warrior
shamannking1993
4:33 Loom
13:23 Feudal Age
14:42 Wheelbarrow
14:11 Double-Bit Axe
23:01 Castle Age
21:29 Horse Collar
25:25 Heavy Plow
33:31 Hand Cart
33:18 Treadmill Crane
38:55 Imperial Age
37:03 Arson
37:10 Fletching
37:21 Padded Archer Armor
40:19 Bodkin Arrow
40:37 Forging
40:07 Elite Varangian Guard
41:25 Squires
43:28 Iron Casting
42:54 Scale Mail Armor
45:00 Crop Rotation
44:45 Bow Saw
44:24 Shield Wall
45:43 Fortified Wall
45:54 Ballistics
49:57 Chemistry
49:57 Onager
50:49 Siege Engineers
Connection lost

Rejoining the realm…

Still unreachable

The connection could not be restored.

Session expired

The server has moved on; the page needs a fresh start.